AoeStats
← BETERRRRR

MegaRandom

504081606Analyzed
4v4 RM · 1mo ago on Sep 3, 2026· 34m 41s· 8 players
Game mode
Random Map
Map size
Large (8 player)
Population
200
Speed
Normal
Resources
Standard
Victory
Conquest
Starting age
Dark Age
Ending age
Imperial Age
RankedLock teamsTeams togetherTeam positionsShared explorationLock speedFull tech treeHidden civsTurbo modeCheats
Victory
Defeat
🇹🇷 Portuguese · Türkiye
1383
+8
🇹🇷 Aztecs · Türkiye
1344
+9
🇮🇹 Magyars · Italy
1205
+15
🇮🇹 Goths · Italy
1073
+22
1236
-15
🇫🇷 Maya · France
1221
-15
🇹🇷 Burmese · Türkiye
1174
-13
🇨🇱 Persians · Chile
1132
-11
Antonio El Conquistador
10:57 Feudal Age
12:19 Loom
15:18 Castle Age
14:22 Double-Bit Axe
16:30 Bow Saw
16:02 Horse Collar
21:19 Heavy Plow
22:47 Town Watch
23:40 Wheelbarrow
26:19 Fletching
26:30 Padded Archer Armor
26:41 Paiks
26:50 Gold Mining
26:52 Stone Mining
27:13 Bodkin Arrow
27:42 Hand Cart
28:18 Leather Archer Armor
28:06 Town Watch
28:58 Bloodlines
29:27 Forging
29:30 Husbandry
34:08 Imperial Age
33:06 Ballistics
35:38 Conscription
35:20 Bracer
35:50 Ring Archer Armor
BETERRRRR
11:25 Feudal Age
13:01 Wheelbarrow
13:34 Loom
16:18 Castle Age
17:09 Horse Collar
17:31 Town Watch
24:30 Hand Cart
24:30 Man-at-Arms
25:46 Gambesons
26:04 Scale Mail Armor
26:00 Long Swordsman
27:10 Squires
27:25 Heavy Plow
27:52 Arson
28:27 Chain Mail Armor
32:58 Forging
Newy
7:19 Loom
10:29 Feudal Age
14:33 Castle Age
17:03 Bloodlines
21:01 Scale Barding Armor
24:12 Double-Bit Axe
26:41 Bloodlines
Kayou
0:30 Loom
9:45 Feudal Age
11:34 Double-Bit Axe
11:55 Horse Collar
20:30 Castle Age
18:51 Scale Mail Armor
19:53 Wheelbarrow
19:48 Forging
19:30 Fletching
21:33 Bow Saw
21:27 Heavy Plow
22:03 Wheelbarrow
21:40 Stone Mining
22:06 Squires
24:30 Treadmill Crane
25:14 Bodkin Arrow
25:53 Padded Archer Armor
27:28 Hand Cart
28:16 Leather Archer Armor
28:16 Town Watch
30:16 Thumb Ring
34:49 Imperial Age
BlueSh
7:08 Loom
10:17 Feudal Age
11:01 Double-Bit Axe
13:16 Fletching
14:02 Padded Archer Armor
16:14 Horse Collar
21:20 Castle Age
19:39 Gold Mining
21:13 Stone Mining
22:36 Wheelbarrow
24:10 Crossbowman
27:14 Hand Cart
DuemilaLiereyy
6:51 Loom
9:27 Feudal Age
10:10 Double-Bit Axe
16:34 Wheelbarrow
25:37 Castle Age
23:26 Man-at-Arms
25:09 Forging
24:59 Scale Mail Armor
24:48 Fishing Lines
26:15 Long Swordsman
26:56 Squires
27:13 Chain Mail Armor
28:45 Iron Casting
30:52 Gold Mining
30:57 Gillnets
32:27 Town Watch
34:21 Pikeman
PQ.90Official
6:30 Loom
9:29 Feudal Age
11:45 Town Watch
12:08 Double-Bit Axe
12:30 Horse Collar
13:31 Scale Barding Armor
23:00 Castle Age
21:52 Bloodlines
24:38 Heavy Plow
24:50 Bow Saw
27:17 Husbandry
32:19 Wheelbarrow
Kırmızı Balık
2:43 Loom
11:11 Feudal Age
15:06 Castle Age
21:36 Imperial Age
20:07 Stone Mining
22:29 Town Watch
24:41 Block Printing
26:19 Wheelbarrow
27:16 Stone Shaft Mining
27:11 Fervor
27:18 Block Printing
28:36 Hand Cart
29:51 Fletching
30:17 Town Patrol
30:20 Double-Bit Axe
31:35 Sanctity
31:31 Bow Saw
32:46 Chemistry
32:05 Padded Archer Armor
33:30 Two-Man Saw
33:33 Ballistics
33:50 Redemption
34:37 Conscription
34:18 Arquebus
34:27 Circumnavigation
Connection lost

Rejoining the realm…

Still unreachable

The connection could not be restored.

Session expired

The server has moved on; the page needs a fresh start.